[Event "*** Titled Tuesday Blitz"]
[Site "Chess.com"]
[Date "2018.08.07"]
[Round "5"]
[White "nailbeshirli"]
[Black "AquivaRubinstein"]
[Result "1-0"]
[WhiteElo "2521"]
[BlackElo "2395"]
[TimeControl "180+2"]
[EndTime "14:05:17 PDT"]
[Termination "nailbeshirli won by resignation"]

1. e4 e6 2. d3 c5 3. Qe2 Nc6 4. Nf3 Nd4 5. Nxd4 cxd4 6. Nd2 Ne7 7. f4 Nc6 8. g3 d5 9. Bg2 dxe4 10. Nxe4 Be7 11.
O-O O-O 12. g4 Bd7 13. g5 Rc8 14. Bd2 Qb6 15. Rab1 f5 16. gxf6 Bxf6 17. Ng5 h6 18.
Nxe6 Rfe8 19. f5 Ne7 20. Bxh6 Nxf5 21. Rxf5 Qxe6 22. Qxe6+ Bxe6 23. Rf2 Bxa2 24. Ra1 Bf7 25. Bxb7 Rb8 26. Be4 Bh4 27. Rg2 Bf6 28. Bc1 Re7 29.
Ra6 Kf8 30. b3 Rc7 31. Ba3+ Ke8 32. Bd6 Rcc8 33. Bf5 Rd8 34. Re2+ Be6 35. Rxe6+ Kf7 36. Rxa7+ Kg8 37. Bxb8 Rxb8 38. Bg6 Rc8 39. Rc7 Rb8 40. b4 Kf8 41. b5 1-0

[Event "*** Titled Tuesday Blitz"]
[Site "Chess.com"]
[Date "2018.08.07"]
[Round "5"]
[White "GMKrikor"]
[Black "Last7Samurai"]
[Result "1-0"]
[WhiteElo "2782"]
[BlackElo "2604"]
[TimeControl "180+2"]
[EndTime "14:05:18 PDT"]
[Termination "GMKrikor won by resignation"]

1. d4 d5 2. c4 c6 3. Nf3 Nf6 4. e3 e6 5. Bd3 Nbd7 6. O-O Bd6 7.
b3 O-O 8. Bb2 b6 9. Nc3 Bb7 10.
Qe2 Qe7 11. Rad1 Rad8 12. e4 dxe4 13. Nxe4 Nxe4 14. Bxe4 f5 15. Bb1 c5 16. Rfe1 cxd4 17. Nxd4 Nc5 18. f3 Rfe8 19. Bc2 Bb8 20. Nxf5 Qc7 21. Ng3 Rxd1 22. Rxd1 e5 23. Ne4 Ne6 24. Nd6 Nf4 25. Qf2 Re6 26. Nxb7 Qxb7 27. Qh4 Bd6 28. Qxh7+ Kf7 29. Be4 Qc7 30. g3 Qc5+ 31. Kh1 Qf2 32. gxf4 Rh6 33. Qf5+ Ke7 34. Qg5+ Kf7 35. Qg2 Qc5 36.
Bd5+ Kf8 37. fxe5 Bc7 38. f4 Qe3 39. Rf1 Qd3 40. f5 Rh4 41. f6 Rg4 42. Qxg4 Qxf1+ 43. Qg1 1-0

[Event "*** Titled Tuesday Blitz"]
[Site "Chess.com"]
[Date "2018.08.07"]
[Round "5"]
[White "yoolund"]
[Black "Haykos"]
[Result "0-1"]
[WhiteElo "2503"]
[BlackElo "2526"]
[TimeControl "180+2"]
[EndTime "14:05:18 PDT"]
[Termination "Haykos won by resignation"]

1. b3 e5 2. Bb2 Nc6 3. e3 g6 4.
Nf3 Bg7 5. d4 exd4 6. Nxd4 Nxd4 7. Bxd4 Bxd4 8. Qxd4 Qf6 9. Nc3 c6 10. O-O-O d5 11. e4 Qxd4 12. Rxd4 Be6 13. exd5 O-O-O 14. Bc4 Nf6 15. Rhd1 c5 16. Rf4 Nh5 17. dxe6 Rxd1+ 18.
Kxd1 Nxf4 19. exf7 Rd8+ 20. Kc1 Kd7 21. Ne4 Ke7 22.
Nxc5 b6 23. Ne4 h6 24. Nc3 Nxg2 25. Nb5 a5 26. Nc7 Nf4 27. Kb2 Rd2 28. Na8 b5 29.
Bxb5 Rxf2 30. Nb6 Kxf7 31. Nc4 Rxh2 32. Nxa5 g5 33. Nb7 g4 34. a4 g3 35. Bc6 g2 36. Bxg2 Rxg2 37. a5 Nd5 38. a6 h5 39.
a7 Nc7 40. Nd6+ Ke6 41. Nb5 Na8 42. Nd4+ Ke5 43. Nf3+ Kf4 44. Ne1 Rg1 45. Nd3+ Ke3 0-1

[Event "*** Titled Tuesday Blitz"]
[Site "Chess.com"]
[Date "2018.08.07"]
[Round "5"]
[White "krzysztofszczurek"]
[Black "Martins-BR"]
[Result "1/2-1/2"]
[WhiteElo "2384"]
[BlackElo "2325"]
[TimeControl "180+2"]
[EndTime "14:05:21 PDT"]
[Termination "Game drawn by agreement"]

1. d4 f5 2. Nc3 Nf6 3. Nf3 e6 4. Bf4 Bb4 5. a3 Bxc3+ 6. bxc3 O-O 7. g3 b6 8. Bg2 Bb7 9. O-O Qc8 10. Rb1 d6 11. c4 Nbd7 12. c3 Be4 13. Rb2 Re8 14.
Qb3 h6 15. h4 Qb7 16. Rd1 Kh7 17. Qa2 a5 18. Be3 Ng4 19. Bc1 Re7 20. Ne1 Bxg2 21. Nxg2 Rf8 22. Qb1 Kg8 23. Re1 e5 24. a4 Qc6 25.
Qa2 Kh7 26. Rb1 g6 27. Qb3 Qb7 28. Ba3 exd4 29. cxd4 Qe4 30. Bb2 Qe6 31. Qd3 Ngf6 32. Nf4 Qf7 33. f3 d5 34. cxd5 Nxd5 35. Nxd5 Qxd5 36.
Ba3 c5 37. dxc5 Qxd3 38. exd3 Rxe1+ 39. Rxe1 Nxc5 40. Re7+ Kg8 41. Bxc5 bxc5 42. Rc7 Rd8 43. Rxc5 Rxd3 44. Rxa5 Rxf3 45. Kg2 Ra3 46. Ra7 g5 47. hxg5 hxg5 48. a5 g4 49. a6 Ra2+ 50. Kg1 Kf8 51. Kf1 Kg8 52. Kg1 1/2-1/2

[Event "*** Titled Tuesday Blitz"]
[Site "Chess.com"]
[Date "2018.08.07"]
[Round "5"]
[White "Tjktiger"]
[Black "sergeikim"]
[Result "1-0"]
[WhiteElo "2502"]
[BlackElo "2365"]
[TimeControl "180+2"]
[EndTime "14:05:23 PDT"]
[Termination "Tjktiger won by resignation"]

1. d4 Nf6 2. c4 g6 3. g3 Bg7 4.
Bg2 O-O 5. Nc3 d6 6. Nf3 Nbd7 7. O-O e5 8. e4 exd4 9. Nxd4 Re8 10. h3 Nc5 11.
Re1 c6 12. Bf4 Nh5 13. Be3 a5 14. Qc2 a4 15. Rab1 Qa5 16. Kh2 Qb4 17. a3 Qa5 18.
Rbd1 h6 19. Nde2 Re6 20. Nd4 Re8 21. Nf3 Nf6 22. Rxd6 Nfxe4 23. Nxe4 Nxe4 24. Bd2 Qc7 25. Bf4 Nxd6 26. Rxe8+ Nxe8 27. Bxc7 Nxc7 28. Nd2 Bf5 29. Be4 Be6 30. Nf1 Na6 31. c5 Bb3 32. Qc1 Rd8 33. Ne3 Bd4 34. Ng4 h5 35. Nh6+ Kg7 36. Nf5+ Kg8 37. Qg5 Rd7 38. Nxd4 Rxd4 39. Bxg6 Rd5 40. Bf5+ Kf8 41. Qh6+ Ke7 42. Qg5+ Kf8 43. g4 hxg4 44. h4 Nxc5 45. h5 Bc2 46. Qh6+ Ke7 47. Bxc2 1-0

[Event "*** Titled Tuesday Blitz"]
[Site "Chess.com"]
[Date "2018.08.07"]
[Round "5"]
[White "djamir"]
[Black "LittlePeasant"]
[Result "0-1"]
[WhiteElo "2643"]
[BlackElo "2782"]
[TimeControl "180+2"]
[EndTime "14:05:24 PDT"]
[Termination "LittlePeasant won by resignation"]

1. d4 Nf6 2. Nf3 c5 3. c3 d5 4. Bf4 Nc6 5. e3 Qb6 6. Qb3 c4 7. Qc2 Bf5 8. Qc1 e6 9. Be2 h6 10. h3 Rc8 11. Nbd2 Be7 12. O-O O-O 13. b4 a5 14. a3 Ra8 15. Qb2 Na7 16. Ne5 axb4 17. axb4 Nb5 18. Rxa8 Rxa8 19. Ra1 Rxa1+ 20. Qxa1 Qa6 21.
Qb2 Qa3 22. Qxa3 Nxa3 23. f3 Nb5 24. e4 Nxc3 25. Kf2 Bh7 26. Bf1 Bxb4 27. Ndxc4 dxc4 28. Bxc4 b5 29. Bd3 Bd6 30. Bd2 b4 31. Nc6 Bf8 32. Bc4 Nfxe4+ 33. fxe4 Nxe4+ 34. Ke1 Nxd2 35. Kxd2 Be4 36. Ne5 Bxg2 37. h4 h5 38. Be2 g6 39.
Bb5 Bd6 40. Nc4 Bf4+ 41. Ke2 Bd5 42. Nb6 b3 43. Nxd5 exd5 44. Kf3 b2 45. Bd3 Bd2 46. Bb1 Kf8 47. Ke2 Bf4 48. Kf3 Bb8 49. Ba2 Ba7 50. Ke3 Ke7 51. Kd3 Ke6 52. Kc3 Kf5 53.
Kxb2 Bxd4+ 54. Kc2 Ke5 55. Kd3 Bf2 56. Ke2 Bxh4 57.
Kf3 Be7 0-1

[Event "*** Titled Tuesday Blitz"]
[Site "Chess.com"]
[Date "2018.08.07"]
[Round "5"]
[White "Kimster98"]
[Black "pultineviciuspaulius"]
[Result "1-0"]
[WhiteElo "2510"]
[BlackElo "2554"]
[TimeControl "180+2"]
[EndTime "14:05:29 PDT"]
[Termination "Kimster98 won by resignation"]

1. d4 Nf6 2. c4 g6 3. g3 Bg7 4. Bg2 O-O 5. Nc3 c5 6. dxc5 Na6 7. Nf3 Nxc5 8. O-O b6 9. Nd4 Bb7 10. Bxb7 Nxb7 11. e4 d6 12. Qe2 Qc8 13. b3 Nc5 14. Bb2 Qh3 15. f3 Rfc8 16. Nd5 Nxd5 17. exd5 Rc7 18.
Nb5 Rd7 19. Bxg7 Kxg7 20. Nd4 Re8 21. Qg2 Qxg2+ 22. Kxg2 e5 23. dxe6 fxe6 24. Rad1 a6 25. Rfe1 e5 26. Nc2 b5 27. Ne3 Kf7 28. Rd5 b4 29.
Red1 Ke6 30. Nc2 a5 31. Ne1 Ra8 32. Nd3 Nxd3 33. R1xd3 a4 34. c5 Rad8 35. Rxd6+ Rxd6 36. Rxd6+ Rxd6 37. cxd6 Kxd6 38. bxa4 Kc5 39. Kf2 Kb6 40.
Ke3 Ka6 41. Kd3 Ka5 42. Kc4 Kxa4 43. Kc5 Ka5 44. Kc4 Ka4 45. Kc5 g5 46. g4 h6 47.
Kc4 Ka3 48. Kb5 Kxa2 49. Kxb4 Kb2 50. Kc4 Kc2 51. Kd5 Kd3 52. Kxe5 Ke3 53. Kf6 Kxf3 54. Kf5 Ke3 55. Kg6 Kf3 56. h3 1-0

[Event "*** Titled Tuesday Blitz"]
[Site "Chess.com"]
[Date "2018.08.07"]
[Round "5"]
[White "chenrip"]
[Black "Manukyan_Artak"]
[Result "0-1"]
[WhiteElo "2426"]
[BlackElo "2334"]
[TimeControl "180+2"]
[EndTime "14:05:44 PDT"]
[Termination "Manukyan_Artak won on time"]

1. e4 c6 2. d4 d5 3. e5 Bf5 4. Bd3 Bxd3 5. Qxd3 Qa5+ 6. c3 Qa6 7. Qf3 e6 8. Ne2 c5 9. O-O Nc6 10. Nd2 Nh6 11.
Nb3 c4 12. Nd2 Nf5 13. Ng3 g6 14. Nxf5 gxf5 15. Qh5 Ne7 16. Nf3 Ng6 17. Bg5 Be7 18.
b4 Qc6 19. a4 Qd7 20. b5 O-O-O 21. a5 h6 22. Bxe7 Qxe7 23. b6 a6 24. Nd2 Rdg8 25.
g3 f4 26. Ra4 Kb8 27. Qf3 Qg5 28. Nxc4 dxc4 29. Rxc4 Rc8 30. Rc7 Rxc7 31. bxc7+ Kxc7 32.
Rb1 Rb8 33. Qd3 fxg3 34. hxg3 Qf5 35. Qc4+ Kd8 36. Rb6 Ne7 37. Rd6+ Ke8 38. Qa4+ Kf8 39. Qb4 Re8 40. Rd7 h5 41. Rxb7 h4 42. gxh4 Qg4+ 43. Kf1 Qxh4 44. Ke2 Kg7 45. Qb1 Ng6 46. Rc7 Qg4+ 47.
Kd2 Qf4+ 48. Ke2 Qg4+ 49. Kd2 Nf4 50. Qe1 Rb8 0-1

[Event "*** Titled Tuesday Blitz"]
[Site "Chess.com"]
[Date "2018.08.07"]
[Round "5"]
[White "MITerryble"]
[Black "ozates"]
[Result "1-0"]
[WhiteElo "2762"]
[BlackElo "2481"]
[TimeControl "180+2"]
[EndTime "14:05:46 PDT"]
[Termination "MITerryble won by resignation"]

1. d4 d5 2. Nf3 Nf6 3. c4 c6 4.
Nc3 e6 5. Bg5 Nbd7 6. e3 Qa5 7.
Nd2 Bb4 8. Bxf6 Nxf6 9. Qc2 O-O 10. Bd3 c5 11. Nb3 Qa4 12. O-O Bxc3 13. Qxc3 cxd4 14.
Qxd4 dxc4 15. Bxc4 b6 16. Rfd1 Ba6 17. Bf1 Qxd4 18. Nxd4 Bxf1 19. Kxf1 Rac8 20. Rac1 Nd5 21. Nc6 Rc7 22. e4 Ne7 23. Ne5 Rxc1 24. Rxc1 Rc8 25. Rd1 Ng6 26. Nf3 h6 27. g3 Kf8 28. Rd7 Rc2 29.
Rxa7 Rxb2 30. h4 Rb5 31. Nd4 Ra5 32. Rxa5 bxa5 33. Nc6 a4 34. Ke2 Ke8 35. h5 Nf8 36.
Kd3 Kd7 37. Ne5+ Ke7 38. Kc4 f6 39. Ng6+ Nxg6 40. hxg6 Kd6 41. Kb4 Ke5 42. Kxa4 Kxe4 43. Kb5 Kf3 44. a4 e5 45. a5 e4 46. a6 Kxf2 47. a7 e3 48. a8=Q e2 49. Qa2 Kf1 50. Qc4 Kf2 51. Qf4+ Kg2 52. Qe3 Kf1 53. Qf3+ Ke1 54.
Kc4 Kd2 55. Qd3+ Ke1 56. Kd4 Kf2 57. Qe3+ Kf1 58. Qf3+ 1-0

[Event "*** Titled Tuesday Blitz"]
[Site "Chess.com"]
[Date "2018.08.07"]
[Round "5"]
[White "ZoltanChef"]
[Black "BlackBoarder"]
[Result "0-1"]
[WhiteElo "2208"]
[BlackElo "2383"]
[TimeControl "180+2"]
[EndTime "14:05:48 PDT"]
[Termination "BlackBoarder won by checkmate"]

1. e4 e6 2. d4 d5 3. Nc3 Bb4 4. e5 Ne7 5. Qg4 c5 6. a3 Qa5 7. Bd2 cxd4 8. Qxd4 Nbc6 9. Bb5 Bd7 10. Bxc6 Nxc6 11. Qg4 d4 12. Qxg7 O-O-O 13. Nb1 Bxd2+ 14.
Nxd2 Rdg8 15. Qf6 Qxe5+ 16. Qxe5 Nxe5 17. Ne2 d3 18. cxd3 Nxd3+ 19. Kf1 Nxb2 20. Rc1+ Kb8 21. Nd4 Rc8 22. Ke2 e5 23. N4f3 f6 24. Ne4 Bb5+ 25. Ke3 Nc4+ 26. Rxc4 Rxc4 27. Nxf6 Rc3+ 28. Ke4 Bc6+ 29.
Kxe5 Bxf3 30. gxf3 Rxf3 31. a4 Rxf2 32. h4 h5 33. Rg1 Ra2 34. Rg7 Rxa4 35. Nd7+ Ka8 36.
Nc5 Rxh4 37. Nxb7 Rc4 38. Kd5 Rcc8 39. Na5 h4 40. Nc6 Rh5+ 41. Kd6 Rh6+ 42. Kd7 Rhxc6 43. Rg4 Rc4 44. Rxh4 Rxh4 45. Kxc8 a5 46. Kc7 a4 47. Kb6 a3 48. Kc7 a2 49. Kd6 a1=Q 50. Kd5 Qd4+ 51. Ke6 Rh6+ 52. Ke7 Qd6+ 53. Kf7 Rf6+ 54. Kg7 Qf8+ 55.
Kh7 Rh6# 0-1

[Event "*** Titled Tuesday Blitz"]
[Site "Chess.com"]
[Date "2018.08.07"]
[Round "5"]
[White "NormWeinstein"]
[Black "MFBerna"]
[Result "1/2-1/2"]
[WhiteElo "2387"]
[BlackElo "2282"]
[TimeControl "180+2"]
[EndTime "14:05:49 PDT"]
[Termination "Game drawn - insufficient material"]

1. e4 c6 2. d4 d5 3. exd5 cxd5 4. c4 Nf6 5. Nc3 Nc6 6. Nf3 Bg4 7. cxd5 Bxf3 8.
Qxf3 Nxd4 9. Qd1 e5 10. dxe6 fxe6 11. Be3 Bc5 12. Qa4+ Qd7 13. Qxd7+ Nxd7 14. O-O-O e5 15. Ne4 Bb6 16. Bc4 Ke7 17. Kb1 Nf6 18. Ng5 Rac8 19. b3 Rhf8 20. Rhe1 Rfd8 21. Nf7 Rxc4 22. Nxd8 Rb4 23.
Nxb7 Nd5 24. Bd2 Rb5 25. Rxe5+ Kf6 26. Ree1 Bc7 27. Na5 Ne6 28. Nc4 a5 29. Kc2 a4 30.
Rb1 axb3+ 31. axb3 Nd4+ 32. Kd3 Nxb3 33. Rxb3 Rxb3+ 34. Kc2 Rb5 35. Ne3 Nf4 36. Bc3+ Kg6 37. g3 Ne6 38. Nc4 Ng5 39. Ne5+ Bxe5 40. Rxe5 Rxe5 41. Bxe5 Nf3 42. Bf4 Nxh2 43. Kd3 Kf5 44. Ke2 Kg4 45. Be3 Nf3 46. Bf4 g5 47. Bd6 h5 48. Kf1 Kh3 49. Be7 Kg4 50. Kg2 Ne1+ 51. Kf1 Nd3 52. Kg2 Ne5 53. Bxg5 Kxg5 54. f4+ Kf5 55. fxe5 Kxe5 56.
Kh3 Kf5 57. Kh4 Kg6 58. g4 hxg4 59. Kxg4 1/2-1/2

[Event "*** Titled Tuesday Blitz"]
[Site "Chess.com"]
[Date "2018.08.07"]
[Round "5"]
[White "ChrisTool2"]
[Black "oskariot"]
[Result "0-1"]
[WhiteElo "2251"]
[BlackElo "2468"]
[TimeControl "180+2"]
[EndTime "14:05:50 PDT"]
[Termination "oskariot won on time"]

1. d4 g6 2. c4 Bg7 3. Nc3 c5 4. e3 cxd4 5. exd4 Nf6 6. Nf3 O-O 7. Bg5 d5 8. Bxf6 Bxf6 9. Nxd5 Bg7 10. Be2 Nc6 11.
O-O Bg4 12. Ne3 Bxf3 13. Bxf3 Bxd4 14. Qe2 Qb6 15. Nd5 Qxb2 16. Qxb2 Bxb2 17. Rab1 Ba3 18. Rxb7 Rab8 19. Rc7 Rfc8 20. Rxc6 Rxc6 21. Nxe7+ Bxe7 22. Bxc6 Rb2 23. a4 Bc5 24. g3 Rc2 25. Bd5 Ra2 26. Bc6 Kg7 27. Kg2 h5 28. h4 f5 29.
Kf3 Kf6 30. Bd5 Rxa4 31. Re1 Ra3+ 32. Kg2 Ra2 33. Re6+ Kg7 34. Rc6 Bxf2 35. Kh3 Bg1 36. Bg2 Ra3 37. Rc7+ Kh6 38. Bd5 f4 39. Kg2 Rxg3+ 40.
Kf1 Bb6 41. Rc8 Rc3 42. Ke2 Kg7 43. Rc6 Re3+ 44. Kd2 Ba5+ 45. Kc2 f3 46. Ra6 Bb6 47. Kd2 f2 48. Rxb6 axb6 0-1

[Event "*** Titled Tuesday Blitz"]
[Site "Chess.com"]
[Date "2018.08.07"]
[Round "5"]
[White "Egorov_Pavel"]
[Black "advantageLucy"]
[Result "1-0"]
[WhiteElo "2312"]
[BlackElo "2459"]
[TimeControl "180+2"]
[EndTime "14:05:51 PDT"]
[Termination "Egorov_Pavel won by resignation"]

1. d4 Nf6 2. c4 e6 3. Nc3 Bb4 4. e3 c5 5. Nf3 O-O 6. Bd3 cxd4 7.
exd4 d5 8. O-O dxc4 9. Bxc4 Nc6 10. Bg5 h6 11. Bh4 Be7 12. Qd2 Nd5 13. Bxe7 Ncxe7 14. Nxd5 Nxd5 15. Ne5 Qf6 16. Bxd5 exd5 17. Rac1 Re8 18. Rc7 Re7 19. Rfc1 Be6 20. Qb4 Rxc7 21. Rxc7 b6 22.
Qd2 Rc8 23. Rxc8+ Bxc8 24. Qc3 Qf5 25. Qd3 Qg5 26. Qe3 Qh5 27. f3 Be6 28. b4 Qh4 29.
b5 Qe7 30. Nc6 Qd7 31. Qa3 a5 32. Kf2 Kh7 33. Qe7 Qxe7 34. Nxe7 Bd7 35. Nxd5 Bxb5 36. Nxb6 Kg6 37. Ke3 Kf5 38. f4 g5 39. fxg5 hxg5 40. a3 Bf1 41. g3 Bg2 42. Nc4 a4 43. Nb6 Bc6 44. d5 Be8 45. Kd4 Kg4 46. d6 Kh3 47.
Ke3 Kxh2 48. Kf2 f5 49. d7 Bxd7 50. Nxd7 f4 51. g4 Kh3 52. Kf3 Kh4 53. Nc5 1-0

[Event "*** Titled Tuesday Blitz"]
[Site "Chess.com"]
[Date "2018.08.07"]
[Round "5"]
[White "DoctorSocrates"]
[Black "Zaven_ChessMood"]
[Result "1/2-1/2"]
[WhiteElo "2547"]
[BlackElo "2880"]
[TimeControl "180+2"]
[EndTime "14:05:58 PDT"]
[Termination "Game drawn by repetition"]

1. Nc3 d5 2. e4 d4 3. Nce2 d3 4. cxd3 c5 5. Nf3 Nc6 6. d4 cxd4 7. Ng3 e5 8. Bc4 Be7 9. O-O Nf6 10. d3 O-O 11. h3 h6 12. Nh2 Na5 13. Bb5 a6 14.
Ba4 b5 15. Bc2 Nc6 16. f4 exf4 17. Bxf4 Bd6 18. Qd2 Ra7 19. Rac1 Ne5 20. Nf3 Re8 21. Bb3 Nxf3+ 22. Rxf3 Bxf4 23. Qxf4 Be6 24. Bxe6 fxe6 25. Rf2 Nh7 26. Rfc2 Rf7 27. Qe5 Nf8 28. Rc7 Ng6 29. Qc5 Rxc7 30. Qxc7 Qg5 31. Rf1 Ne5 32. Kh2 Kh7 33.
Qd6 Nxd3 34. Qxd4 Rd8 35. Qb6 Ne5 36. Qxe6 Rd2 37. b4 Nc4 38. Rf8 Qe5 39. Qg8+ Kg6 40. Qf7+ Kh7 41. Qg8+ Kg6 42. Re8 Rxg2+ 43. Kxg2 Qb2+ 44.
Kf3 Qc3+ 45. Kf2 Qe3+ 46. Kg2 Qd2+ 47. Kg1 Qe3+ 48. Kg2 Qd2+ 49. Kf3 Qc3+ 50. Kg4 Ne3+ 51. Kf4 Ng2+ 52. Kg4 Ne3+ 53. Kf4 Ng2+ 54. Kg4 Ne3+ 55. Kf4 Ng2+ 56. Kg4 Ne3+ 57. Kf4 Ng2+ 58. Kg4 Ne3+ 1/2-1/2

[Event "*** Titled Tuesday Blitz"]
[Site "Chess.com"]
[Date "2018.08.07"]
[Round "5"]
[White "BasilSmash"]
[Black "Margency"]
[Result "0-1"]
[WhiteElo "2461"]
[BlackElo "2728"]
[TimeControl "180+2"]
[EndTime "14:06:02 PDT"]
[Termination "Margency won by resignation"]

1. d4 Nf6 2. Nf3 g6 3. Bg5 Bg7 4. Nbd2 d6 5. c3 h6 6. Bh4 g5 7.
Bg3 Nh5 8. e4 e6 9. Bd3 a6 10.
a4 b6 11. Qe2 Bb7 12. Nc4 Qe7 13. Ne3 Nd7 14. Ng4 Ndf6 15. Nxf6+ Bxf6 16. e5 Bg7 17. Be4 Bxe4 18. Qxe4 d5 19. Qe2 c5 20. O-O O-O 21.
h4 Nxg3 22. fxg3 g4 23. Ne1 h5 24. Nd3 f5 25. exf6 Rxf6 26. Rxf6 Qxf6 27. Rf1 Qg6 28.
Nf4 Qe4 29. Qxe4 dxe4 30. Nxe6 cxd4 31. cxd4 Rc8 32. Rf5 e3 33. Kf1 Bh6 34. Ng5 Rc2 35. b4 Rd2 36. d5 Bf8 37. Ne4 Rd4 38. Rf4 Rxb4 39. Nf6+ Kh8 40. Nxh5 Rb1+ 41. Ke2 Bc5 42. Rf7 Rb2+ 43. Kd3 Kg8 44. Rf1 Rd2+ 45. Ke4 e2 46.
Re1 Bf2 47. Rxe2 Rxe2+ 48. Kf5 Bd4 49. d6 Kf7 50. Nf4 Re5+ 51. Kxg4 b5 52. axb5 axb5 53. h5 b4 54. h6 Re8 55. Kf5 b3 0-1

[Event "*** Titled Tuesday Blitz"]
[Site "Chess.com"]
[Date "2018.08.07"]
[Round "5"]
[White "nihalsarin"]
[Black "ahmadzada13"]
[Result "0-1"]
[WhiteElo "2757"]
[BlackElo "2650"]
[TimeControl "180+2"]
[EndTime "14:06:09 PDT"]
[Termination "ahmadzada13 won by checkmate"]

1. c4 c5 2. Nf3 Nf6 3. Nc3 b6 4.
e4 d6 5. d4 cxd4 6. Nxd4 Bb7 7.
Bd3 e6 8. O-O Be7 9. Re1 Nbd7 10.
b3 O-O 11. Bb2 a6 12. Qd2 Re8 13. Rad1 Bf8 14. Bb1 Qc7 15. h3 Rad8 16. Nf3 Ne5 17. Qe2 Ng6 18. g3 d5 19. e5 Ne4 20. Nxe4 dxe4 21.
Bxe4 Bb4 22. Rf1 Bxe4 23. Qxe4 Rd7 24. Rxd7 Qxd7 25. h4 Rd8 26. h5 Ne7 27. Ng5 Qd3 28. Qb7 Bc5 29. Ne4 Nf5 30. Kg2 Qc2 31. Bc1 Qxa2 32.
h6 gxh6 33. g4 Nh4+ 34. Kg3 Qe2 35. Kxh4 Qxf1 36. Bxh6 Bxf2+ 37. Nxf2 Qxf2+ 38. Kh5 Qh2+ 39. Kg5 Qd2+ 40. Kh5 Qh2+ 41. Kg5 Qxe5+ 42. Kh4 Qf6+ 43. Bg5 Qf2+ 44. Kh5 f6 45. Bh4 Qd4 46. Qe7 Qd7 47.
Qxf6 Rf8 48. Qg5+ Qg7 49. Qxg7+ Kxg7 50. Bg5 Rf3 51. b4 Rh3+ 52. Bh4 a5 53. bxa5 bxa5 54. c5 Rc3 55. Be7 Rc4 56. g5 a4 57. Bf6+ Kf7 58. Kh6 Rh4# 0-1

[Event "*** Titled Tuesday Blitz"]
[Site "Chess.com"]
[Date "2018.08.07"]
[Round "5"]
[White "hansen"]
[Black "dretch"]
[Result "1/2-1/2"]
[WhiteElo "2659"]
[BlackElo "2759"]
[TimeControl "180+2"]
[EndTime "14:06:12 PDT"]
[Termination "Game drawn by agreement"]

1. Nf3 d5 2. g3 Bg4 3. Bg2 Nd7 4.
h3 Bxf3 5. Bxf3 e6 6. Bg2 Bd6 7. d3 Ngf6 8. e4 O-O 9. O-O c6 10. Qe2 Qb6 11. Nd2 Rfe8 12. Kh1 e5 13. Nf3 a5 14. Nh4 a4 15. a3 Bf8 16. Nf5 Qb5 17. Re1 Rad8 18. Qf3 dxe4 19. dxe4 Qc4 20. Re2 Nc5 21. Bg5 Re6 22. Nh6+ gxh6 23. Bxf6 Rxf6 24. Qxf6 Qxe2 25. Qxd8 Qxf2 26. Rf1 Qxc2 27. Qf6 Qb3 28. Qxe5 Nd3 29. Qf5 Nxb2 30. e5 Bxa3 31. Be4 Qe6 32. Qxh7+ Kf8 33. Kh2 Nc4 34. Rf6 Qe8 35. e6 Ne5 36. Qxh6+ Ke7 37. Qf4 Bd6 38. exf7 Nxf7 39.
Qh4 Kd7 40. Bg2 Be7 41. Qg4+ Kc7 42. Qf4+ Nd6 43. Re6 Qd7 44. Qe5 Kd8 45. Rh6 a3 46. Qa5+ Ke8 47. Rh8+ Bf8 48. Qxa3 Qg7 49. Rh5 Nf7 50.
Qa8+ Nd8 51. Qc8 Bd6 52. Kh1 Bxg3 53. Rf5 Bd6 54. Rf3 Qa1+ 55. Bf1 Qe5 56. Rf2 Qg5 57. Re2+ Be7 58. Qg4 Qxg4 59. hxg4 Nf7 60. Rb2 b5 61. Bxb5 cxb5 62. Rxb5 Ng5 63. Kg2 Kf7 1/2-1/2

[Event "*** Titled Tuesday Blitz"]
[Site "Chess.com"]
[Date "2018.08.07"]
[Round "5"]
[White "AndrewDGreen"]
[Black "ChessicallyInclined"]
[Result "0-1"]
[WhiteElo "2161"]
[BlackElo "2361"]
[TimeControl "180+2"]
[EndTime "14:06:14 PDT"]
[Termination "ChessicallyInclined won by checkmate"]

1. d4 f5 2. Bg5 g6 3. Nc3 Bg7 4. e3 Nf6 5. h4 h6 6. Bf4 d6 7.
Qf3 O-O 8. Qg3 Qe8 9. h5 g5 10.
Bxg5 hxg5 11. h6 Bh8 12. Qxg5+ Kh7 13. Nf3 Rg8 14. Qh4 Rg4 15. Ng5+ Kg6 16. Qh2 Rxg5 17.
f4 Rh5 18. Qg3+ Kh7 19. Rxh5 Qxh5 20. Be2 Qg6 21. Qh4 Be6 22. O-O-O Nbd7 23. g4 Rg8 24. g5 Ng4 25. e4 Nf8 26. d5 Bd7 27. exf5 Qxf5 28. Bd3 Ng6 29. Bxf5 Bxf5 30. Qg3 a6 31.
Re1 Re8 32. a3 Kg8 33. Qg1 c5 34. Qg3 b5 35. Rh1 Kh7 36. Rg1 Bd4 37. Re1 Bf2 38. Qf3 Bxe1 39. Qe2 Bg3 40. Qf3 Bxf4+ 41. Kb1 N4e5 42. Qf2 Rf8 43. Qe2 Bxg5 44. a4 bxa4 45. Qxa6 Bxh6 46. Nxa4 Bg7 47. Nc3 Nf4 48. Qf1 Bg6 49.
Qh1+ Kg8 50. Qh4 e6 51. dxe6 Nxe6 52. Qh3 Nd4 53. Nd5 Bxc2+ 54. Kc1 Rf1+ 55. Kd2 Nef3+ 56. Ke3 Re1+ 57. Kf4 Be5+ 58. Kg4 Rg1+ 59. Kh5 Rg5+ 60. Kh6 Bg7# 0-1

[Event "*** Titled Tuesday Blitz"]
[Site "Chess.com"]
[Date "2018.08.07"]
[Round "5"]
[White "Quiet_Desperation"]
[Black "MarshKnight"]
[Result "1/2-1/2"]
[WhiteElo "1899"]
[BlackElo "2100"]
[TimeControl "180+2"]
[EndTime "14:06:15 PDT"]
[Termination "Game drawn by agreement"]

1. e4 e6 2. d4 d5 3. Nc3 Nc6 4. e5 f6 5. Nf3 fxe5 6. dxe5 g6 7. Bd3 Bg7 8. Qe2 Nh6 9. Bg5 Qd7 10. Qd2 Nf7 11. Bf4 Nfxe5 12. Nxe5 Nxe5 13. O-O-O Nxd3+ 14. Qxd3 O-O 15. Bg5 a5 16. h4 b6 17. h5 Ba6 18.
Qd2 Qf7 19. hxg6 Qxg6 20. Rde1 Rf5 21. Bf4 Raf8 22. Bxc7 Rxf2 23. Qd1 Rc8 24. Bxb6 Bxc3 25. Bxf2 Bxe1 26. Rxe1 Bd3 27. c3 Be4 28. Re3 Kh8 29.
Rg3 Qf5 30. Qd2 Rf8 31. Be3 e5 32. b3 Qf1+ 33. Qd1 Qxd1+ 34. Kxd1 Rf1+ 35. Ke2 Ra1 36. Bg5 Rxa2+ 37. Ke3 Bg6 38. Bf6+ Kg8 39. Bxe5 Rb2 40. Kd4 Rxb3 41. Kxd5 a4 42. Kc4 Rb7 43. Kd5 a3 44. c4 a2 45. Ra3 Rd7+ 46. Bd6 Bf7+ 47. Kc5 Bxc4 48. Kxc4 Rxd6 49. Rxa2 Rg6 50. Kd4 Re6 51. Rf2 Kg7 52. Kd3 Kg6 53. Kd4 Kg5 54. Kd5 Re8 55.
Kd4 Kg4 56. Rf7 h5 57. Rg7+ Kf4 58. g3+ Kf3 59. Rg5 Rh8 60. Ke5 Kg2 61. Kf5 Kf3 62.
Ke6 h4 63. gxh4 Rxh4 64. Rf5+ Ke4 65. Ra5 Rh6+ 66. Kf7 Rb6 1/2-1/2

[Event "*** Titled Tuesday Blitz"]
[Site "Chess.com"]
[Date "2018.08.07"]
[Round "5"]
[White "morphy1984"]
[Black "David_Klein"]
[Result "0-1"]
[WhiteElo "2507"]
[BlackElo "2522"]
[TimeControl "180+2"]
[EndTime "14:06:25 PDT"]
[Termination "David_Klein won on time"]

1. e4 g6 2. d4 Bg7 3. Nf3 d6 4. Bc4 c6 5. O-O b5 6. Bb3 Nf6 7. Qe2 O-O 8. h3 a5 9. c3 b4 10.
Re1 Ba6 11. Qd1 e6 12. Bg5 Qc7 13. Nbd2 Nbd7 14. Nf1 d5 15. e5 Ne4 16. Bd2 c5 17. Bc2 Nxd2 18. Qxd2 Rfc8 19. Rac1 Nb6 20. Bd3 Bxd3 21.
Qxd3 Nc4 22. Qe2 bxc3 23. bxc3 Rab8 24. Rb1 Na3 25. Rb3 Nc4 26. Ne3 Nxe3 27. Qxe3 c4 28. Rbb1 Rb6 29. Nd2 Rcb8 30. Rxb6 Rxb6 31. Rb1 Qb7 32. Qe1 Bh6 33. Rxb6 Qxb6 34. Qb1 Qc6 35. Qc2 Qb5 36. g3 Bxd2 37. Qxd2 a4 38. Kg2 Qb1 39. h4 Qe4+ 40. f3 Qb1 41. h5 a3 42.
hxg6 hxg6 43. Kf2 Qb2 44. Ke3 Kg7 45. Ke2 Qb1 46. Kf2 Qh1 47. g4 Qh2+ 48. Ke3 Qg1+ 49. Ke2 Qb1 50. Ke3 Qb2 51. Ke2 Kf8 52. Kd1 Qb1+ 53.
Ke2 Ke8 54. f4 Qe4+ 55. Kf2 Qb1 56. Ke3 Qg1+ 0-1

[Event "*** Titled Tuesday Blitz"]
[Site "Chess.com"]
[Date "2018.08.07"]
[Round "5"]
[White "thegreendog"]
[Black "AdrianaNikolova"]
[Result "1-0"]
[WhiteElo "2332"]
[BlackElo "2399"]
[TimeControl "180+2"]
[EndTime "14:06:32 PDT"]
[Termination "thegreendog won by resignation"]

1. e4 d5 2. exd5 Qxd5 3. Nc3 Qd8 4. Bc4 Nf6 5. Nf3 a6 6. Ne5 e6 7. d4 Nbd7 8. Qf3 Nxe5 9. dxe5 Nd7 10. Bf4 Bb4 11.
O-O-O Bxc3 12. Qxc3 b5 13. Qf3 Ra7 14. Bd3 Bb7 15. Qg3 g6 16. h4 c5 17. h5 Rg8 18. hxg6 hxg6 19. Rh7 Bd5 20. Bg5 Qa5 21. Qf4 Nf8 22. Rh4 Qxa2 23. Qf6 Rd7 24. Rh8 Rxh8 25. Qxh8 Qa1+ 26. Kd2 Qxb2 27. Bh6 Qb4+ 28. c3 Qb2+ 29. Ke3 Kd8 30. Qxf8+ Kc7 31. Qxc5+ Bc6 32. Bf8 Qb3 33.
Bd6+ Kb7 34. f3 f5 35. Be2 g5 36. Rh1 f4+ 37. Kf2 g4 38. fxg4 Qd5 39. Qxd5 Bxd5 40. Rh8 Be4 41. Re8 Kc6 42. Rxe6 Kd5 43. Rf6 a5 44. Rxf4 b4 45. cxb4 axb4 46. Bxb4 Kxe5 47. Rf8 Rb7 48. Bc3+ Kd6 49. g5 Rb3 50. Bf6 Ra3 51.
Re8 Kd5 52. Bc4+ Kxc4 53. Rxe4+ Kd5 54. Re3 Ra2+ 55. Kf3 Ra6 56. Kf4 Ra4+ 57. Kf5 Ra2 58. g4 Rf2+ 59. Kg6 Rg2 60. Re5+ Kd6 61. Re4 Rh2 62. Kf7 Rh7+ 63. Bg7 Kd5 64. Rd4+ Kc5 65. g6 Rh1 66. Rf4 Kd6 67. Bf8+ Kd7 68. g7 Rh7 69. Kg6 1-0